 Dungeon Crawl Stone Soup version 0.27-a0-1202-ge72e49191c (webtiles) character file.

Game seed: 1366617839042094093

8166 Ijustatesigmund the Cleaver (level 11, -8/156 HPs)
             Began as a Minotaur Berserker on June 3, 2021.
             Was a High Priest of Trog.
             Mangled by an orc warrior
             ... wielding a +0 halberd
              (29 damage)
             ... in a bailey.
             The game lasted 00:15:38 (10028 turns).

Ijustatesigmund the Cleaver (Minotaur Berserker)   Turns: 10028, Time: 00:15:38

Health: -8/156     AC: 14    Str: 22    XL:     11   Next: 6%
Magic:  10/10      EV: 11    Int:  4    God:    Trog [*****.]
Gold:   1108       SH:  0    Dex: 13    Spells: 10/10 levels left

rFire    . . .     SeeInvis .   a - +1 hand axe (vorpal)
rCold    . . .     Faith    .   (no shield)
rNeg     . . .     Spirit   .   b - +3 ring mail
rPois    .         Reflect  .   (helmet restricted)
rElec    .         Harm     .   (no cloak)
rCorr    .         Rampage  .   x - +2 pair of gloves
Will     .....                  (no boots)
Stlth    ..........             (no amulet)
HPRegen  0.36/turn              (no ring)
MPRegen  0.12/turn              (no ring)

@: berserking, very quick
A: horns 2, retaliatory headbutt
a: Renounce Religion, Berserk, Trog's Hand, Brothers in Arms


You were in a bailey.
You worshipped Trog.
Trog was extremely pleased with you.
You visited 1 branch of the dungeon, and saw 8 of its levels.
You also visited: Bailey.

You collected 1247 gold pieces.
You spent 139 gold pieces at shops.

Inventory:

Hand Weapons
 a - a +1 vorpal hand axe (weapon)
 v - a +3 hand axe
 A - a +6 trident of protection
 C - a +0 war axe
Missiles
 d - 5 atropa-tipped darts
 t - 14 throwing nets
Armour
 b - a +3 ring mail (worn)
 x - a +2 pair of gloves (worn)
Wands
 i - a wand of digging (12)
 u - a wand of acid (3)
Scrolls
 c - 5 scrolls of teleportation
 k - 2 scrolls of immolation
 m - 2 scrolls of fear
 q - a scroll of enchant armour
 w - a scroll of brand weapon
 y - a scroll of acquirement
Potions
 e - 2 potions of brilliance
 f - a potion of attraction
 g - 2 potions of flight {unknown}
 h - 3 potions of lignification
 j - 4 potions of cancellation
 l - 2 potions of ambrosia
 n - 2 potions of mutation {unknown}
 o - 2 potions of invisibility {unknown}
 p - 2 potions of berserk rage {unknown}
 z - a potion of curing {unknown}


   Skills:
 + Level 12.1 Fighting
 + Level 12.6 Axes
 - Level 11.3 Armour
 + Level 2.1 Dodging


You had 10 spell levels left.
You didn't know any spells.
Your spell library was empty.

Dungeon Overview and Level Annotations

Branches:
Dungeon (8/15)             Temple (0/1) D:7          Bailey (1/1)
   Lair: D:8-11

Altars:
Ashenzari
Cheibriados
Dithmenos
Elyvilon
Fedhas
Hepliaklqana
Makhleb
Okawaru
Ru
Trog
Uskayaw
Vehumet
Yredelemnul
Zin
The Shining One

Shops:
D:2 *   D:6 [


Innate Abilities, Weirdness & Mutations

You have a pair of horns on your head.
You reflexively headbutt those who attack you in melee.


Message History

The orc knight hits you from afar with a +0 trident!
The orc barely misses you. You furiously retaliate!
You headbutt the orc. You hit the orc.
You kill the orc!
Trog accepts your kill.
The orc knight hits you but does no damage.
You barely miss the orc knight. You headbutt the orc knight.
The orc knight is lightly wounded.
The orc warrior hits you from afar with a +0 halberd!
The orc knight hits you but does no damage.
You are too injured to fight recklessly!
You are too injured to fight recklessly!
You are too injured to fight recklessly!
You are too injured to fight recklessly!
You are too injured to fight recklessly!
You are too injured to fight recklessly!
You are too injured to fight recklessly!
You are too injured to fight recklessly!
A red film seems to cover your vision as you go berserk!
You feel yourself moving faster!
You feel mighty!
The orc warrior hits you but does no damage.
The orc knight hits you with a +0 trident!
You completely miss the orc knight.
The orc knight is lightly wounded.
The orc warrior hits you from afar with a +0 halberd!
You hit the orc knight but do no damage.
The orc knight is lightly wounded.
The orc knight hits you with a +0 trident!
* * * LOW HITPOINT WARNING * * *
You hit the orc knight.
The orc knight is lightly wounded.
The orc warrior closely misses you.
You closely miss the orc knight.
The orc knight is lightly wounded.
The orc knight hits you with a +0 trident!
* * * LOW HITPOINT WARNING * * *
You barely miss the orc knight. You headbutt the orc knight!
The orc knight is moderately wounded.
The orc warrior hits you from afar with a +0 halberd!!
You die...

### ##
#####∩###########.##
..##)∩)##.....##..$#
≈..#))[#..≈≈≈..#...#
≈≈.......≈≈.≈≈.#o..#
.≈.......≈.∩.≈.')..#
≈≈.......≈≈.≈≈.#@.$#
≈..#...#..≈≈≈..#o.)#
..##...##.....##...#
#####∩###########.##
### ##


You could see an orc knight and an orc warrior (strong).

Vanquished Creatures
  Harold (D:7)
  A two-headed ogre (D:8)
  A sixfirhy (D:7)
  An orc knight (Bailey)
  A cyclops (D:8)
  Prince Ribbit (D:8)
  Sigmund (D:3)
  4 yaks (D:7)
  2 water moccasins
  A sky beast (D:6)
  8 orc warriors (Bailey)
  An ice beast (D:5)
  A necrophage (D:3)
  5 ogres
  A wolf (D:6)
  2 centaurs
  4 phantoms
  5 gnoll sergeants
  2 scorpions
  A bullfrog (D:6)
  A wyvern skeleton (D:7)
  2 wights (D:6)
  A bullfrog zombie (D:6)
  9 hounds (D:6)
  3 centaur skeletons
  A jelly (D:7)
  3 centaur zombies
  4 gnoll shamans (D:6)
  An orc priest (D:4)
  2 bullfrog skeletons (D:6)
  4 iguanas
  Terence (D:3)
  2 orc wizards
  A hound skeleton (D:5)
  35 gnolls
  6 adders
  2 howler monkey zombies (D:5)
  A white imp (D:6)
  An adder skeleton (D:4)
  The ghost of sm0rk the Sneak, a weakling DjDe (D:5)
  A dart slug (D:1)
  16 orcs
  8 bats
  6 endoplasms
  A giant cockroach (D:3)
  7 goblins
  8 hobgoblins
  11 jackals
  3 quokkas
  4 ball pythons
  4 frilled lizards
  9 kobolds
  A quokka zombie (D:4)
  8 rats
  A rat zombie (D:4)
213 creatures vanquished.

Vanquished Creatures (others)
  2 plants (D:8)
2 creatures vanquished.

Grand Total: 215 creatures vanquished

Notes
Turn   | Place    | Note
-------+----------+-------------------------------------------
     0 | D:1      | Ijustatesigmund the Minotaur Berserker began the quest for
                  | the Orb.
     0 | D:1      | Reached XP level 1. HP: 19/19 MP: 0/0
   162 | D:1      | Reached XP level 2. HP: 27/27 MP: 1/1
   333 | D:1      | Found a faded altar of an unknown god.
   441 | D:1      | Identified a scroll of acquirement
   441 | D:1      | Acquired 956 gold pieces
   894 | D:2      | Reached ** piety under Trog
   927 | D:2      | Reached XP level 3. HP: 33/33 MP: 2/2
  1348 | D:2      | Found Mowkan's Assorted Antiques.
  1374 | D:2      | Bought a fuming purple potion for 26 gold pieces
  1374 | D:2      | Bought a scroll labelled ONGIZX VUZEO for 29 gold pieces
  1374 | D:2      | Bought a scroll labelled ONGIZX VUZEO for 29 gold pieces
  1374 | D:2      | Bought a fuming pink potion for 26 gold pieces
  1374 | D:2      | Bought a scroll labelled ONGIZX VUZEO for 29 gold pieces
  1785 | D:2      | Reached skill level 5 in Axes
  1993 | D:3      | Found a radiant altar of Vehumet.
  2127 | D:3      | Noticed Terence
  2147 | D:3      | Killed Terence
  2148 | D:3      | Reached XP level 4. HP: 22/41 MP: 3/3
  2531 | D:3      | Noticed a necrophage
  2542 | D:3      | Killed a necrophage
  2543 | D:3      | Reached skill level 5 in Fighting
  2543 | D:3      | Reached XP level 5. HP: 38/48 MP: 4/4
  2826 | D:3      | Noticed Sigmund
  2838 | D:3      | Killed Sigmund
  2839 | D:3      | Reached XP level 6. HP: 57/57 MP: 5/5
  3395 | D:4      | Reached *** piety under Trog
  3996 | D:5      | Entered Level 5 of the Dungeon
  3996 | D:5      | Noticed a water moccasin
  4008 | D:5      | Killed a water moccasin
  4009 | D:5      | Reached XP level 7. HP: 38/64 MP: 6/6
  4413 | D:5      | Noticed sm0rk's ghost (weakling DjDe)
  4414 | D:5      | Found a transporter.
  4418 | D:5      | Found a transporter.
  4446 | D:5      | Reached skill level 5 in Armour
  5034 | D:5      | Reached XP level 8. HP: 73/73 MP: 7/7
  5040 | D:5      | Killed sm0rk's ghost
  5268 | D:6      | Found a broken altar of Ashenzari.
  5270 | D:6      | Found a hide-covered altar of Uskayaw.
  5714 | D:6      | You fall into a shaft and drop 1 floor!
  5717 | D:7      | Found a staircase to the Ecumenical Temple.
  5971 | D:6      | Reached XP level 9. HP: 76/83 MP: 8/8
  6015 | D:6      | Reached skill level 10 in Axes
  6023 | D:6      | Found Jil Lely's Antique Armour Shop.
  6024 | D:6      | Reached **** piety under Trog
  6990 | D:6      | Reached skill level 10 in Fighting
  7179 | D:6      | Found a shadowy altar of Dithmenos.
  7603 | D:6      | Found a glowing golden altar of the Shining One.
  7652 | D:6      | Found an iron altar of Okawaru.
  7652 | D:6      | Found a sacrificial altar of Ru.
  7652 | D:6      | Found a hazy altar of Hepliaklqana.
  7653 | D:6      | Found a snail-covered altar of Cheibriados.
  7654 | D:6      | Found a bloodstained altar of Trog.
  7655 | D:6      | Found a blossoming altar of Fedhas.
  7657 | D:6      | Found a glowing silver altar of Zin.
  8115 | D:7      | Found a runed translucent door.
  8118 | D:7      | Found a burning altar of Makhleb.
  8118 | D:7      | Noticed a sixfirhy
  8129 | D:7      | Killed a sixfirhy
  8130 | D:7      | Reached XP level 10. HP: 94/94 MP: 9/9
  8408 | D:7      | Found a white marble altar of Elyvilon.
  8447 | D:7      | Reached skill level 10 in Armour
  8530 | D:7      | Reached ***** piety under Trog
  9043 | D:7      | Noticed Harold
  9058 | D:7      | Killed Harold
  9290 | D:8      | Noticed Prince Ribbit
  9339 | D:8      | Killed Prince Ribbit
  9339 | D:8      | Noticed a cyclops
  9346 | D:8      | Killed a cyclops
  9679 | D:8      | Identified the +5 trident "Arcanum" {vorpal, Dex+6}
  9683 | D:8      | Found a basalt altar of Yredelemnul.
  9719 | D:8      | Noticed a two-headed ogre
  9726 | D:8      | Killed a two-headed ogre
  9791 | D:8      | Found a flagged portal.
  9801 | Bailey   | Entered a bailey
  9808 | Bailey   | Noticed an orc knight
  9819 | Bailey   | Killed an orc knight
  9820 | Bailey   | Reached XP level 11. HP: 72/104 MP: 10/10
 10013 | Bailey   | Noticed an orc knight
 10028 | Bailey   | Mangled by an orc warrior

Illustrated notes

Levels and vault maps discovered:
D:1:      matt_arrival_spirals, layout_basic, hellmonk_ecumenical_altar_lost_god
D:2:      layout_basic, serial_shops, shop_fountains, minmay_crystal_room
D:3:      layout_loops_cross, nicolae_overflow_hidden_temple,
          grunt_ministairs_8, st_stairs_2, uniq_sigmund, uniq_terence
D:4:      layout_basic, serial_curves, eino_curves_03, eino_curves_03,
          enter_ossuary_4, minmay_misc_feat_doors
D:5:      layout_rooms, serial_corexii_hall, corexii_hall_statues_x,
          corexii_hall_statues_l, corexii_hall_statues_i, gammafunk_ghost_smash
D:6:      minmay_thinvault, layout_cave_pools, nicolae_tso_swordbearing_angel,
          lemuel_round_altar, minitemple, serial_gnoll_camp,
          gnoll_camp_mini_hut, gnoll_camp_mini_shop, gnoll_camp_huts_moat,
          gnoll_camp_medium_01, gnoll_camp_mini_doghouse, gnoll_camp_mini_house
D:7:      layout_loops_corners, lemuel_doored_altar, nzn_makhleb_speed_demon,
          minmay_temple_entry_waves, uniq_harold
D:8:      layout_loops_ring, lemuel_coloured_pillars_altar,
          kennysheep_little_box, enter_bailey_6, serial_bayou_pond_c,
          uniq_prince_ribbit1
Bailey:   bailey_polearm_4, bailey

Skill      XL: |  1  2  3  4  5  6  7  8  9 10 |
---------------+-------------------------------+-----
Axes           | 4 5 6 7 8 9 11 12 | 12.6
Fighting       | 4 5 6 7 9 10 12 | 12.1
Armour         | 3 4 5 7 9 11 | 11.3
Dodging        | |  2.1

Action                   |  1- 3 |  4- 6 |  7- 9 | 10-12 || total
-------------------------+-------+-------+-------+-------++-------
Melee: Hand axe          |   119 |    94 |   322 |   111 ||   646
       Headbutt          |    17 |    17 |    83 |    29 ||   146
Invok: Berserk           |     1 |     2 |     6 |     6 ||    15
       Trog's Hand       |       |       |     1 |     1 ||     2
  Use: Scroll            |     7 |     5 |       |     4 ||    16
       Potion            |       |       |       |     1 ||     1
 Stab: Sleeping          |       |       |     1 |       ||     1
Armor: Animal skin       |     5 |       |       |       ||     5
       Chain mail        |    59 |    46 |   187 |    31 ||   323
       Ring mail         |       |       |       |     4 ||     4
Dodge: Dodged            |    59 |    40 |   172 |    33 ||   304

Table legend: (Time is in decaauts)
 A = Elapsed time spent in this place.
 B = Non-inter-level travel time spent in this place.
 C = Inter-level travel time spent in this place.
 D = Time resting spent in this place.
 E = Time spent auto-exploring this place.
 F = Levels seen in this place.
 G = Mean time per level.
                   A        B        C        D        E       F      G
               +--------+--------+--------+--------+--------+-----+--------+
         Total |  10062 |   9841 |    221 |   2174 |   6275 |   9 | 1118.0 |
       Dungeon |   9840 |   9619 |    221 |   2018 |   6259 |   8 | 1230.0 |
        Bailey |    222 |    222 |      0 |    156 |     16 |   1 |  222.0 |
               +--------+--------+--------+--------+--------+-----+--------+

Top non-repeatable levels by time:
     D:6: 2584 daAuts
     D:7: 1476 daAuts
     D:5: 1223 daAuts
     D:3: 1127 daAuts
     D:2: 1092 daAuts
     D:4: 935 daAuts
     D:1: 876 daAuts
     D:8: 525 daAuts
  Bailey: 222 daAuts
